 Dungeon Crawl Stone Soup version 0.29.0-4-gdea44cf6ec (webtiles) character file.

Game seed: 10811794354770232949

37 qw the Sneak (level 3, -1/23 HPs)
             Began as a Gargoyle Delver on Sept 10, 2022.
             Splashed by a jelly's acid (6 damage)
             ... on level 5 of the Dungeon.
             The game lasted 00:00:06 (317 turns).

qw the Sneak (Gargoyle Delver)                       Turns: 317, Time: 00:00:07

Health: -1/23      AC:  6    Str: 17    XL:     3   Next: 39%
Magic:  3/3        EV: 11    Int: 10    God:
Gold:   0          SH:  0    Dex: 11    Spells: 2/2 levels left

rFire   . . .      SeeInvis .   a - +0 hand axe
rCold   . . .      Faith    .   (no shield)
rNeg    + . .      Spirit   .   b - +0 leather armour
rPois   inf        Reflect  .   (no helmet)
rElec   +          Harm     .   (no cloak)
rCorr   .          Rampage  .   (no gloves)
Will    .....                   (no boots)
Stlth   +++.......              (no amulet)
HPRegen 0.07/turn               (no ring)
MPRegen 0.08/turn               (no ring)

@: no status effects
A: sickness immunity, AC +3, negative energy resistance 1, electricity
resistance, torment resistance 1, petrification resistance
a: no special abilities


You were on level 5 of the Dungeon.
You visited 1 branch of the dungeon, and saw 1 of its levels.


Innate Abilities, Weirdness & Mutations

You are immune to sickness and miasma.
Your stone body is resilient. (AC +3)
You are immune to poison.
You resist negative energy. (rN+)
You are resistant to electric shocks. (rElec)
You are resistant to unholy torment.
You are immune to petrification.


   Skills:
 - Level 3.2 Fighting
 + Level 3.3 Axes
 - Level 1.5 Dodging
 - Level 5.4 Stealth


You had 2 spell levels left.
You didn't know any spells.
Your spell library was empty.

Inventory:

Hand Weapons
 a - a +0 hand axe (weapon)
Armour
 b - a +0 leather armour (worn)
Wands
 g - a wand of digging (3)
Scrolls
 c - a scroll of fog
 d - a scroll of magic mapping
 e - a scroll of fear
Potions
 f - a potion of haste

Dungeon Overview and Level Annotations

Branches:
Dungeon (5/15)
 Temple: D:4-7

Altars:
Fedhas


Message History

The adder bites you but does no damage.
You closely miss the adder. The adder closely misses you. The adder bites you.
You hit the adder.
The adder is moderately wounded.
The adder bites you but does no damage.
You miss the adder.
The adder is moderately wounded.
The adder bites you but does no damage. The adder closely misses you.
You barely miss the adder.
The adder is moderately wounded.
The adder bites you.
You closely miss the adder.
The adder is moderately wounded.
The adder closely misses you. The adder bites you.
You closely miss the adder.
The adder is moderately wounded.
The adder closely misses you.
You slash the adder!
The adder is almost dead.
The jelly quivers.
The adder closely misses you. The adder bites you but does no damage.
You hit the adder but do no damage.
The adder is almost dead.
The adder bites you.
You barely miss the adder.
The adder is almost dead.
The adder bites you. The adder barely misses you.
You hit the adder.
You kill the adder!
You slash the jelly!
Your hands burn!
The jelly is heavily wounded.
The jelly barely misses you. The jelly hits you but does no damage.
You hit the jelly.
Your hands burn!
The jelly is severely wounded.
The jelly hits you but does no damage.
You hit the jelly.
Your hands burn!
The jelly is almost dead.
The jelly hits you.
You are splashed with acid.
You die...

... .. ####..
#.####..#.## .
....#..#..####..
######.#.....#.....
#......#)..........
###.######...........
#.>..................
####............@J......
.................%......
#######.................
..........¤¤...[........
#######..¤¤¤¤¤~~~~¤.....
..........¤¤......¤.....
#########.~.~.~~~.¤.....
#.~.~...~.~.....
#.~.~._.~


You could see a jelly.

Vanquished Creatures
  A hound (D:5)
  An adder (D:5)
2 creatures vanquished.

Notes
Turn   | Place    | Note
-------+----------+-------------------------------------------
     0 | D:5      | qw the Gargoyle Delver began the quest for the Orb.
     0 | D:5      | Reached XP level 1. HP: 14/14 MP: 1/1
     0 | D:5      | 0 ||| qw: Version: 0.1-a-116-g5d60599
     0 | D:5      | 0 ||| qw: Game counter: 8119
     0 | D:5      | 0 ||| qw: Always use a shield: true
     0 | D:5      | 0 ||| qw: God list: Okawaru
     0 | D:5      | 0 ||| qw: Allow faded altars: false
     0 | D:5      | 0 ||| qw: Do Orc after D:15 true
     0 | D:5      | 0 ||| qw: Do second Lair branch before Depths: true
     0 | D:5      | 0 ||| qw: Lair rune preference: random
     0 | D:5      | 0 ||| qw: Plans: Normal
     0 | D:5      | 0 ||| PLANNING D:1-11
     9 | D:5      | Found a blossoming altar of Fedhas.
    16 | D:5      | Noticed a hound
    27 | D:5      | HP: 3/14 [hound (3)]
    28 | D:5      | Killed a hound
    29 | D:5      | Reached skill level 3 in Axes
    29 | D:5      | Reached XP level 2. HP: 4/19 MP: 2/2
    29 | D:5      | Reached XP level 3. HP: 5/23 MP: 3/3
   157 | D:5      | 157 ||| Stepping ~*~*~tactically~*~*~ (stealth).
   288 | D:5      | Identified the +9 dagger "Hiclanwa" {freeze, Str+4}
   317 | D:5      | HP: 5/23 [jelly (1)]
   317 | D:5      | Splashed by a jelly's acid

Levels and vault maps discovered:
D:5:      layout_rooms, mainiacjoe_overflow_alcove_4,
          nicolae_overflow_hidden_temple,
          mainiacjoe_overflow_concentric_impassable,
          minmay_temple_entry_overgrown, serial_co_window_serial,
          co_window_of_opportunity_a, co_window_paths_b,
          co_window_of_opportunity_a, co_window_of_opportunity_a,
          co_window_corner_a, co_window_2corner, co_window_2corner,
          co_window_paths_c, glass_columns_b, portal_sewer_entry_a,
          hangedman_decor_push

Skill      XL: |  1 |
---------------+----+-----
Axes           | 3 |  3.3
Fighting       | |  3.2
Dodging        | |  1.5
Stealth        | |  5.4

Action                   || total
-------------------------++-------
Melee: Hand axe          ||    25
Armor: Leather armour    ||     9
Dodge: Dodged            ||    16

Table legend:
 A = Non-vault XP
 B = Vault XP
 C = Vault XP percentage of total XP
 D = Non-vault monster count
 E = Vault monster count
 F = Vault count percentage of total count
                 A         B        C        D         E       F
            +---------+---------+-------+---------+---------+-------
      Total |      53 |       0 |   0.0 |       2 |       0 |   0.0
            +---------+---------+-------+---------+---------+-------
        D:5 |      53 |       0 |   0.0 |       2 |       0 |   0.0
            +---------+---------+-------+---------+---------+-------
